[Event "4NCL Div 2 2024-25"]
[Site "England"]
[Date "2025.04.05"]
[Round "7.1"]
[White "Claridge-Hansen, William"]
[Black "Kanyamarala, Tarun"]
[Result "1/2-1/2"]
[Annotator "RC"]
[ECO "A11"]
[WhiteElo "2373"]
[BlackElo "2386"]
[PlyCount "40"]
[EventDate "2024.11.23"]
[EventType "team-tourn"]
[EventCountry "ENG"]
[SourceTitle "playchess.com"]
[Source "ChessBase"]
[SourceQuality "1"]
[TimeControl "40/6000+30:3000+30"]

1. Nf3 d5 2. e3 Nf6 3. c4 e6 4. Nc3 Bd6 5. b3 c6 6. Qc2 O-O 7. Bb2 e5 8. cxd5 cxd5 9. Nb5 Nc6 10. Nxd6 Qxd6 11. Rc1 Bg4 12. h3 Bd7 13. Be2 Rac8 14. Qb1 d4 15. O-O Rfd8 16. exd4 e4 17. Ne5 Nxd4 18. Bxd4 Qxd4 19. Nxd7 Qxd7 20. Rxc8 Rxc8 1/2-1/2

[Event "4NCL Div 2 2024-25"]
[Site "England"]
[Date "2025.04.05"]
[Round "7.2"]
[White "Navaratnam, Rohan Shan Tze"]
[Black "Hobson, Kenneth"]
[Result "0-1"]
[Annotator "ChessBase"]
[ECO "E11"]
[WhiteElo "2306"]
[BlackElo "2152"]
[PlyCount "90"]
[EventDate "2024.11.23"]
[EventType "team-tourn"]
[EventCountry "ENG"]
[SourceTitle "playchess.com"]
[Source "ChessBase"]
[SourceQuality "1"]
[TimeControl "40/6000+30:3000+30"]

1. d4 Nf6 2. Nf3 d5 3. c4 e6 4. g3 Bb4+ 5. Bd2 Be7 6. Bg2 O-O 7. O-O Nbd7 8. Qb3 a5 9. Nc3 c6 10. Rac1 a4 11. Qc2 dxc4 12. Nxa4 b5 13. Nc3 Bb7 14. e4 b4 15. Nd1 c5 16. e5 Nd5 17. Ne3 Nxe3 18. Bxe3 Rxa2 19. Qxc4 Bd5 20. Qc2 c4 21. Qb1 Qa8 22. Ne1 Bxg2 23. Nxg2 Rc8 24. Nf4 Nb6 25. Rfd1 b3 26. d5 Nxd5 27. Nxd5 exd5 28. Qf5 Qc6 29. Bd4 Qe6 30. Qf4 h6 31. h4 g5 32. Qf3 gxh4 33. gxh4 Bxh4 34. Bc3 Bg5 35. Rb1 Rd8 36. Kh1 Kh7 37. Rd4 Ra7 38. Rbd1 Rad7 39. Ba5 Rg8 40. Rxd5 Rxd5 41. Rxd5 Qg6 42. Rd4 Bd2 43. Qe4 Qxe4+ 44. Rxe4 Bxa5 45. Rxc4 Rd8 0-1

[Event "4NCL Div 2 2024-25"]
[Site "England"]
[Date "2025.04.05"]
[Round "7.3"]
[White "Zakarian, Dimitrios Levon"]
[Black "Kanyamarala, Trisha"]
[Result "0-1"]
[Annotator "ChessBase"]
[ECO "D38"]
[WhiteElo "1968"]
[BlackElo "2185"]
[PlyCount "72"]
[EventDate "2024.11.23"]
[EventType "team-tourn"]
[EventCountry "ENG"]
[SourceTitle "playchess.com"]
[Source "ChessBase"]
[SourceQuality "1"]
[TimeControl "40/6000+30:3000+30"]

1. d4 Nf6 2. c4 e6 3. Nf3 d5 4. Nc3 Bb4 5. Qb3 a5 6. a3 a4 7. Qc2 Bxc3+ 8. Qxc3 Ne4 9. Qc2 c5 10. dxc5 O-O 11. e3 Nd7 12. Be2 Ndxc5 13. Nd2 Bd7 14. Nxe4 dxe4 15. Bd2 Bc6 16. O-O Re8 17. Rad1 Qg5 18. Bb4 Nd3 19. f4 Qg6 20. Rd2 Red8 21. Rfd1 e5 22. g3 h5 23. Bxd3 exd3 24. Rxd3 Rxd3 25. Qxd3 Qg4 26. Rf1 h4 27. e4 Re8 28. Bc3 f5 29. Qf3 Qg6 30. fxe5 Bxe4 31. Qf4 Rd8 32. c5 Qc6 33. gxh4 Rd3 34. e6 Qxc5+ 35. Qf2 Qe7 36. h5 Qg5+ 0-1

[Event "4NCL Div 2 2024-25"]
[Site "England"]
[Date "2025.04.05"]
[Round "7.4"]
[White "Jackson, Edward"]
[Black "Pozimski, Szymon"]
[Result "1-0"]
[Annotator "NA"]
[ECO "B01"]
[WhiteElo "2132"]
[BlackElo "2003"]
[PlyCount "58"]
[EventDate "2024.11.23"]
[EventType "team-tourn"]
[EventCountry "ENG"]
[SourceTitle "playchess.com"]
[Source "ChessBase"]
[SourceQuality "1"]
[TimeControl "40/6000+30:3000+30"]

1. e4 d5 2. exd5 Qxd5 3. Nc3 Qd6 4. d4 Nf6 5. Nf3 g6 6. Bc4 c6 7. O-O Be6 8. Bxe6 Qxe6 9. b3 Qd6 10. a4 e6 11. Ne5 Nbd7 12. Qf3 Nxe5 13. dxe5 Qxe5 14. a5 Bd6 15. g3 Qf5 16. Qe2 O-O 17. Ra4 Rfd8 18. Re1 Qh5 19. Qxh5 Nxh5 20. Bg5 Re8 21. Rd1 Be7 22. Bxe7 Rxe7 23. Ne4 Kg7 24. Rb4 Nf6 25. Nc5 Rb8 26. c4 e5 27. Rd6 e4 28. Rxc6 e3 29. fxe3 Ne4 1-0

[Event "4NCL Div 2 2024-25"]
[Site "England"]
[Date "2025.04.05"]
[Round "7.5"]
[White "Khoury, Theo"]
[Black "McLean, Robert"]
[Result "1/2-1/2"]
[Annotator "ChessBase"]
[ECO "C01"]
[WhiteElo "2194"]
[BlackElo "2011"]
[PlyCount "96"]
[EventDate "2024.11.23"]
[EventType "team-tourn"]
[EventCountry "ENG"]
[SourceTitle "playchess.com"]
[Source "ChessBase"]
[SourceQuality "1"]
[TimeControl "40/6000+30:3000+30"]

1. e4 e6 2. d4 d5 3. Nc3 Bb4 4. exd5 exd5 5. Bd3 Nf6 6. Nge2 O-O 7. O-O Re8 8. Bf4 Bg4 9. a3 Bf8 10. Qd2 Bh5 11. Ng3 Bg6 12. Rfe1 c6 13. Rxe8 Qxe8 14. Re1 Qd8 15. Nd1 Nbd7 16. f3 Qb6 17. c3 c5 18. Bxg6 hxg6 19. dxc5 Bxc5+ 20. Kh1 Qb3 21. Nf2 Nb6 22. Nd3 Bf8 23. Qd1 Qxd1 24. Rxd1 Nc4 25. Ne2 Re8 26. Nd4 Nd7 27. h4 Nc5 28. Nxc5 Bxc5 29. Nb3 Bb6 30. Rxd5 Re2 31. Nd2 Nxb2 32. Ne4 Nc4 33. Rd7 f6 34. Rxb7 Ra2 35. Rb8+ Kf7 36. Rc8 Nxa3 37. c4 Rc2 38. c5 Ba5 39. Rb8 Ke6 40. Bd6 Nc4 41. Re8+ Kd5 42. Rg8 f5 43. Ng5 Nxd6 44. cxd6 Kxd6 45. Rxg7 Be1 46. Rxa7 Bg3 47. Ra1 Bxh4 48. Nh3 Bg3 1/2-1/2

[Event "4NCL Div 2 2024-25"]
[Site "England"]
[Date "2025.04.05"]
[Round "7.6"]
[White "Longson, Alexander"]
[Black "Udovenko, Daniel"]
[Result "1/2-1/2"]
[Annotator "ChessBase"]
[ECO "E70"]
[WhiteElo "2250"]
[BlackElo "1941"]
[PlyCount "36"]
[EventDate "2024.11.23"]
[EventType "team-tourn"]
[EventCountry "ENG"]
[SourceTitle "playchess.com"]
[Source "ChessBase"]
[SourceQuality "1"]
[TimeControl "40/6000+30:3000+30"]

1. e4 c5 2. Nf3 d6 3. d4 cxd4 4. Nxd4 Nf6 5. Bd3 a6 6. c4 g6 7. Nc3 Bg7 8. O-O O-O 9. h3 Nc6 10. Nde2 Bd7 11. Be3 Ne5 12. f4 Nxd3 13. Qxd3 b5 14. Nd4 e5 15. fxe5 dxe5 16. Nf3 bxc4 17. Qxc4 Qb8 18. Rf2 Rc8 1/2-1/2

[Event "4NCL Div 2 2024-25"]
[Site "England"]
[Date "2025.04.05"]
[Round "7.7"]
[White "Hansen, Hans-Peter"]
[Black "Rawlinson, Aidan M"]
[Result "1-0"]
[Annotator "ChessBase"]
[ECO "B08"]
[WhiteElo "2169"]
[BlackElo "2076"]
[PlyCount "45"]
[EventDate "2024.11.23"]
[EventType "team-tourn"]
[EventCountry "ENG"]
[SourceTitle "playchess.com"]
[Source "ChessBase"]
[SourceQuality "1"]
[TimeControl "40/6000+30:3000+30"]

1. d4 g6 2. e4 Bg7 3. Nc3 d6 4. Nf3 Nf6 5. Be2 O-O 6. O-O c6 7. Bg5 Nbd7 8. a4 Qc7 9. Re1 b6 10. Qd2 Re8 11. Rad1 Bb7 12. Bc4 Nxe4 13. Rxe4 d5 14. Bxd5 cxd5 15. Rxe7 Rxe7 16. Bxe7 Nf6 17. Bxf6 Bxf6 18. Re1 Rc8 19. Ne5 Be7 20. Qf4 f6 21. Nd3 Qxf4 22. Nxf4 Bb4 23. Nfxd5 1-0

[Event "4NCL Div 2 2024-25"]
[Site "England"]
[Date "2025.04.05"]
[Round "7.8"]
[White "Longson, Sarah N"]
[Black "Brackmann, Hendrik"]
[Result "1/2-1/2"]
[Annotator "NA"]
[ECO "B23"]
[WhiteElo "1929"]
[BlackElo "2040"]
[PlyCount "45"]
[EventDate "2024.11.23"]
[EventType "team-tourn"]
[EventCountry "ENG"]
[SourceTitle "playchess.com"]
[Source "ChessBase"]
[SourceQuality "1"]
[TimeControl "40/6000+30:3000+30"]

1. e4 c5 2. Nc3 Nc6 3. Bb5 Nd4 4. Nf3 a6 5. Bd3 g6 6. Nxd4 cxd4 7. Ne2 d5 8. c3 dxe4 9. Bxe4 dxc3 10. bxc3 Nf6 11. Bf3 Bg7 12. d4 O-O 13. O-O Bg4 14. Bxb7 Rb8 15. Bxa6 Ne4 16. Qc2 Bxe2 17. Bxe2 Nxc3 18. Bf4 Bxd4 19. Bxb8 Nxe2+ 20. Qxe2 Bxa1 21. Rxa1 Qxb8 22. Qxe7 Qb2 23. Qe1 1/2-1/2

[Event "4NCL Div 2 2024-25"]
[Site "England"]
[Date "2025.04.05"]
[Round "7.9"]
[White "Mazurkiewicz, Michal"]
[Black "Kacprzak, Kacper"]
[Result "1/2-1/2"]
[Annotator "ChessBase"]
[ECO "A05"]
[WhiteElo "2259"]
[BlackElo "2291"]
[PlyCount "77"]
[EventDate "2024.11.23"]
[EventType "team-tourn"]
[EventCountry "ENG"]
[SourceTitle "playchess.com"]
[Source "ChessBase"]
[SourceQuality "1"]
[TimeControl "40/6000+30:3000+30"]

1. e4 c5 2. Nf3 d6 3. g3 Nf6 4. d3 g6 5. Bg2 Bg7 6. O-O O-O 7. Re1 Nc6 8. c3 e5 9. a3 b5 10. h3 a5 11. Be3 a4 12. d4 Qe7 13. Nbd2 Nd7 14. d5 Na5 15. c4 bxc4 16. Qxa4 Nb6 17. Qc2 Bd7 18. Nh4 Rfb8 19. Bf1 Rb7 20. Rab1 Qd8 21. Nxc4 Nbxc4 22. Bxc4 Nxc4 23. Qxc4 Qb8 24. Qc1 Bxh3 25. Nf3 Bd7 26. Kg2 Bb5 27. Qd2 Bc4 28. b4 cxb4 29. Rxb4 Rxb4 30. axb4 Ra4 31. Rb1 Bb5 32. Qc3 Bf6 33. Bh6 Ra8 34. Ng5 Qd8 35. Qe3 Ra2 36. Rh1 Re2 37. Qc1 Bd3 38. Qc3 Bb5 39. Qc1 1/2-1/2

[Event "4NCL Div 2 2024-25"]
[Site "England"]
[Date "2025.04.05"]
[Round "7.10"]
[White "Starosta, Martyna"]
[Black "Gallana, Marco"]
[Result "0-1"]
[Annotator "ChessBase"]
[ECO "B56"]
[WhiteElo "2309"]
[BlackElo "2216"]
[PlyCount "94"]
[EventDate "2024.11.23"]
[EventType "team-tourn"]
[EventCountry "ENG"]
[SourceTitle "playchess.com"]
[Source "ChessBase"]
[SourceQuality "1"]
[TimeControl "40/6000+30:3000+30"]

1. e4 c5 2. Nf3 Nc6 3. d4 cxd4 4. Nxd4 Nf6 5. Nc3 e5 6. Nde2 d6 7. g3 Be7 8. Bg2 O-O 9. O-O Be6 10. Nd5 Rc8 11. b3 b5 12. Ba3 Bxd5 13. exd5 Nb8 14. Kh1 Nbd7 15. Qd2 Qb6 16. Bb4 Nc5 17. Rac1 Nce4 18. Qe1 Bd8 19. Nc3 Nc5 20. Ne2 a5 21. Bd2 b4 22. Be3 Qb7 23. Bxc5 Rxc5 24. c4 bxc3 25. Nxc3 Bb6 26. Qd2 Rfc8 27. Ne4 Nxe4 28. Bxe4 g6 29. Rxc5 Rxc5 30. g4 Qc7 31. Kg2 Rc3 32. Bd3 Bd4 33. Bc4 Qe7 34. f3 Qh4 35. h3 f5 36. gxf5 gxf5 37. Bd3 f4 38. Be4 Rc7 39. Rh1 Qg3+ 40. Kf1 Be3 41. Qh2 Rc1+ 42. Ke2 Rxh1 43. Qxh1 Qf2+ 44. Kd3 Qd2+ 45. Kc4 Qd4+ 46. Kb5 Qc5+ 47. Ka6 Qb6# 0-1

[Event "4NCL Div 2 2024-25"]
[Site "England"]
[Date "2025.04.05"]
[Round "7.11"]
[White "Maciol, Ryszard"]
[Black "Webb, Richard M"]
[Result "1/2-1/2"]
[Annotator "ChessBase"]
[ECO "D80"]
[WhiteElo "2125"]
[BlackElo "2172"]
[PlyCount "32"]
[EventDate "2024.11.23"]
[EventType "team-tourn"]
[EventCountry "ENG"]
[SourceTitle "playchess.com"]
[Source "ChessBase"]
[SourceQuality "1"]
[TimeControl "40/6000+30:3000+30"]

1. d4 Nf6 2. c4 g6 3. Nc3 d5 4. Bg5 Bg7 5. Bxf6 Bxf6 6. cxd5 c5 7. dxc5 Nd7 8. e4 Qa5 9. Qc2 O-O 10. Nf3 Nxc5 11. Nd2 Bd7 12. Be2 Na4 13. Nc4 Bxc3+ 14. bxc3 Qxc3+ 15. Qxc3 Nxc3 16. Ne5 Bc8 1/2-1/2

[Event "4NCL Div 2 2024-25"]
[Site "England"]
[Date "2025.04.05"]
[Round "7.12"]
[White "Cooksey, Paul S"]
[Black "Horton, Jamie A"]
[Result "1/2-1/2"]
[Annotator "ChessBase"]
[ECO "D30"]
[WhiteElo "2234"]
[BlackElo "2163"]
[PlyCount "136"]
[EventDate "2024.11.23"]
[EventType "team-tourn"]
[EventCountry "ENG"]
[SourceTitle "playchess.com"]
[Source "ChessBase"]
[SourceQuality "1"]
[TimeControl "40/6000+30:3000+30"]

1. d4 d5 2. c4 e6 3. Nf3 a6 4. Bg5 Be7 5. Bxe7 Qxe7 6. Nbd2 Nf6 7. e3 O-O 8. Rc1 Nbd7 9. cxd5 e5 10. dxe5 Nxe5 11. Nxe5 Qxe5 12. Nc4 Qxd5 13. Qxd5 Nxd5 14. Be2 Rb8 15. O-O Be6 16. Rfd1 c6 17. g3 g5 18. a3 Rfd8 19. Na5 Rd7 20. Nb3 Nf6 21. Rxd7 Nxd7 22. Nd4 Nf8 23. f3 Kg7 24. Kf2 h6 25. b4 Kf6 26. e4 Nd7 27. f4 Nb6 28. Rd1 Ra8 29. Ke3 Ke7 30. Nxe6 Kxe6 31. h4 gxh4 32. gxh4 Rg8 33. Kf3 Ke7 34. e5 Nd5 35. Bc4 Rd8 36. Bxd5 cxd5 37. Rc1 f6 38. Rc7+ Ke6 39. exf6 d4 40. Ke2 d3+ 41. Kd2 Kxf6 42. Rxb7 Rd6 43. Rc7 Kf5 44. Rc3 Kg4 45. Rxd3 Rb6 46. Ke3 a5 47. Rb3 Kxh4 48. Kf3 Rg6 49. Kf2 axb4 50. axb4 Rg4 51. Rf3 Rg6 52. b5 Rb6 53. Rb3 Kg4 54. Rb4 h5 55. Kf1 Kh4 56. Kg2 Kg4 57. Kf2 h4 58. Kg2 h3+ 59. Kf2 Rh6 60. Kg1 Rb6 61. Kh2 Kh4 62. Rb3 Kg4 63. f5 Kxf5 64. Rxh3 Ke5 65. Rh5+ Kd4 66. Kg3 Kc4 67. Kf3 Rxb5 68. Rxb5 Kxb5 1/2-1/2

[Event "4NCL Div 2 2024-25"]
[Site "England"]
[Date "2025.04.05"]
[Round "7.13"]
[White "Bryant, Harry"]
[Black "Thompson, Ian D"]
[Result "1/2-1/2"]
[Annotator "NA"]
[ECO "C11"]
[WhiteElo "2128"]
[BlackElo "2010"]
[PlyCount "53"]
[EventDate "2024.11.23"]
[EventType "team-tourn"]
[EventCountry "ENG"]
[SourceTitle "playchess.com"]
[Source "ChessBase"]
[SourceQuality "1"]
[TimeControl "40/6000+30:3000+30"]

1. e4 e6 2. Nc3 d5 3. Nf3 Nf6 4. e5 Nfd7 5. Ne2 c5 6. c3 Nc6 7. d4 Be7 8. h4 Qa5 9. Bd2 Qb6 10. a3 cxd4 11. cxd4 f6 12. Nf4 Nxd4 13. Nxd4 Qxd4 14. Nxe6 Qxe5+ 15. Qe2 Kf7 16. Qxe5 Nxe5 17. Nc7 Rb8 18. Nxd5 Bc5 19. Be3 Bxe3 20. Nxe3 Be6 21. Be2 Rhd8 22. Rc1 Nd3+ 23. Bxd3 Rxd3 24. Ke2 Rbd8 25. Rc7+ R8d7 26. Rxd7+ Rxd7 27. Rc1 1/2-1/2

[Event "4NCL Div 2 2024-25"]
[Site "England"]
[Date "2025.04.05"]
[Round "7.14"]
[White "Duckers, Harvey L"]
[Black "Lea, Daniel J"]
[Result "0-1"]
[Annotator "ChessBase"]
[ECO "A09"]
[WhiteElo "1900"]
[BlackElo "2006"]
[PlyCount "132"]
[EventDate "2024.11.23"]
[EventType "team-tourn"]
[EventCountry "ENG"]
[SourceTitle "playchess.com"]
[Source "ChessBase"]
[SourceQuality "1"]
[TimeControl "40/6000+30:3000+30"]

1. c4 e6 2. Nf3 d5 3. g3 d4 4. Bg2 c5 5. O-O Nc6 6. d3 Bd6 7. e3 Nf6 8. exd4 cxd4 9. a3 a5 10. Nbd2 O-O 11. Re1 h6 12. Rb1 Re8 13. Qc2 Qb6 14. h3 e5 15. g4 Be6 16. g5 hxg5 17. Nxg5 Bf5 18. Nde4 Nxe4 19. Nxe4 Be7 20. Bd2 a4 21. Qd1 Na5 22. Qf3 Bg6 23. Bxa5 Qxa5 24. Ng3 Rab8 25. Rbd1 Bf8 26. h4 Qc7 27. h5 Bh7 28. Qd5 Re6 29. Re2 Bc5 30. Bh3 Re7 31. Bf5 Rd8 32. Qe4 Bxf5 33. Nxf5 Re6 34. f3 Bf8 35. Rg2 Rf6 36. Rdd2 Qd7 37. Ng3 Qc6 38. Rdf2 Qxe4 39. fxe4 Rxf2 40. Kxf2 g6 41. Kf3 Rd6 42. Ke2 Rf6 43. Nf5 Kh7 44. hxg6+ fxg6 45. Nh4 Bh6 46. Nf3 Bf4 47. Kd1 Kh6 48. Rg1 g5 49. Rh1+ Kg7 50. Rg1 Rg6 51. Rg4 Kf6 52. Rg2 Rh6 53. Kc2 Rh3 54. Nd2 Rh2 55. Rxh2 Bxh2 56. Nf3 Bf4 57. b3 g4 58. Nh4 axb3+ 59. Kxb3 Kg5 60. Nf5 g3 61. Nxg3 Bxg3 62. c5 Kf4 63. Kc4 Ke3 64. a4 Be1 65. Kd5 Kxd3 66. Kxe5 Kc4 0-1

[Event "4NCL Div 2 2024-25"]
[Site "England"]
[Date "2025.04.05"]
[Round "7.15"]
[White "Serbanescu, Diana-Maria"]
[Black "Tart, Peter K"]
[Result "1-0"]
[Annotator "NA"]
[ECO "C42"]
[WhiteElo "1992"]
[BlackElo "1903"]
[PlyCount "37"]
[EventDate "2024.11.23"]
[EventType "team-tourn"]
[EventCountry "ENG"]
[SourceTitle "playchess.com"]
[Source "ChessBase"]
[SourceQuality "1"]
[TimeControl "40/6000+30:3000+30"]

1. e4 e5 2. Nc3 Nf6 3. Nf3 Bb4 4. Nxe5 O-O 5. Be2 Re8 6. Nd3 Bxc3 7. dxc3 Nxe4 8. O-O d5 9. f3 Nd6 10. Nf2 c6 11. Bf4 Bf5 12. Bd3 Bxd3 13. cxd3 Na6 14. Qd2 Nc7 15. Rae1 Qd7 16. Ng4 f6 17. Qf2 Ne6 18. Qg3 Nf5 19. Nxf6+ 1-0

[Event "4NCL Div 2 2024-25"]
[Site "England"]
[Date "2025.04.05"]
[Round "7.16"]
[White "Coates, Kenneth G"]
[Black "Skulte, Christopher"]
[Result "0-1"]
[Annotator "NA"]
[ECO "D00"]
[WhiteElo "1934"]
[BlackElo "2009"]
[PlyCount "62"]
[EventDate "2024.11.23"]
[EventType "team-tourn"]
[EventCountry "ENG"]
[SourceTitle "playchess.com"]
[Source "ChessBase"]
[SourceQuality "1"]
[TimeControl "40/6000+30:3000+30"]

1. d4 Nf6 2. Nc3 d5 3. Bf4 e6 4. e3 c5 5. Nb5 Na6 6. c3 Qb6 7. a4 Bd7 8. Bd3 c4 9. Bc2 O-O-O 10. Nf3 Bxb5 11. axb5 Qxb5 12. Ne5 Qe8 13. O-O Bd6 14. b3 Bxe5 15. dxe5 cxb3 16. Bd3 Nd7 17. Bxa6 bxa6 18. Qxb3 Nc5 19. Qa3 Qc6 20. e4 Nxe4 21. Qxa6+ Qxa6 22. Rxa6 Rd7 23. Rfa1 Nxc3 24. Rc6+ Rc7 25. Rxc7+ Kxc7 26. Rxa7+ Kc6 27. Rxf7 d4 28. f3 Ra8 29. g4 Ra2 30. Bg3 d3 31. Rf8 d2 0-1

[Event "4NCL Div 2 2024-25"]
[Site "England"]
[Date "2025.04.05"]
[Round "7.17"]
[White "Burnett, Andrew"]
[Black "Vaidyanathan, Adithya"]
[Result "1-0"]
[Annotator "ChessBase"]
[ECO "A57"]
[WhiteElo "2175"]
[BlackElo "1872"]
[PlyCount "125"]
[EventDate "2024.11.23"]
[EventType "team-tourn"]
[EventCountry "ENG"]
[SourceTitle "playchess.com"]
[Source "ChessBase"]
[SourceQuality "1"]
[TimeControl "40/6000+30:3000+30"]

1. d4 Nf6 2. c4 c5 3. d5 b5 4. cxb5 a6 5. g4 Nxg4 6. e4 d6 7. b6 Qxb6 8. Bh3 f5 9. exf5 Bxf5 10. Nc3 h5 11. f3 Nh6 12. Bxh6 Bxh3 13. Nxh3 Rxh6 14. Qe2 Qb4 15. O-O-O Qh4 16. Qg2 Nd7 17. Rhe1 Ne5 18. Re4 Rg6 19. Qf1 Ng4 20. fxg4 hxg4 21. Rf4 Rf6 22. Rxf6 gxf6 23. Nf2 Bh6+ 24. Kb1 Be3 25. Nfe4 Qh7 26. Qd3 Qh6 27. Nxd6+ exd6 28. Re1 Kf7 29. Qxe3 Qxe3 30. Rxe3 Rh8 31. Ne4 Rxh2 32. Nxd6+ Kg6 33. Nc4 Rh3 34. d6 g3 35. Re8 Rh7 36. Rg8+ Rg7 37. Rxg7+ Kxg7 38. Ne3 Kf7 39. d7 Ke7 40. Nf5+ Kxd7 41. Nxg3 Ke6 42. Kc2 f5 43. Kd3 f4 44. Nf1 Kf5 45. Nd2 Ke5 46. Kc4 Kd6 47. Ne4+ Ke5 48. Nxc5 f3 49. b4 Kf4 50. a4 Ke5 51. Nd3+ Kd6 52. Kd4 Kc7 53. Kc5 Kb7 54. Nf2 Kc7 55. b5 axb5 56. axb5 Kb7 57. b6 Kb8 58. Kc6 Kc8 59. b7+ Kb8 60. Ne4 f2 61. Nc5 Ka7 62. Kc7 f1=Q 63. b8=Q# 1-0

[Event "4NCL Div 2 2024-25"]
[Site "England"]
[Date "2025.04.05"]
[Round "7.18"]
[White "Talsma, Paul"]
[Black "Larchikov, Maksym"]
[Result "1/2-1/2"]
[Annotator "NA"]
[ECO "D54"]
[WhiteElo "2083"]
[BlackElo "2050"]
[PlyCount "77"]
[EventDate "2024.11.23"]
[EventType "team-tourn"]
[EventCountry "ENG"]
[SourceTitle "playchess.com"]
[Source "ChessBase"]
[SourceQuality "1"]
[TimeControl "40/6000+30:3000+30"]

1. d4 d5 2. c4 e6 3. Nc3 Nf6 4. Bg5 Be7 5. e3 O-O 6. Rc1 h6 7. Bh4 Ne4 8. Bxe7 Qxe7 9. cxd5 Nxc3 10. Rxc3 exd5 11. Bd3 c6 12. Ne2 Nd7 13. Bb1 Nf6 14. f3 Re8 15. O-O Bd7 16. Ng3 a5 17. e4 dxe4 18. fxe4 Rad8 19. e5 Nd5 20. Rcf3 Rf8 21. Qc2 g6 22. Qd2 Qh4 23. Ne4 b6 24. Nd6 Be6 25. a3 Kg7 26. Rg3 Ne7 27. Qf2 f5 28. d5 f4 29. Rc3 Qxf2+ 30. Rxf2 Bxd5 31. b4 axb4 32. axb4 Nc8 33. Nxc8 Rxc8 34. Ba2 Rfd8 35. Rd2 Bxa2 36. Rxa2 Re8 37. Ra7+ Kg8 38. Rb7 c5 39. Rxb6 1/2-1/2

[Event "4NCL Div 2 2024-25"]
[Site "England"]
[Date "2025.04.05"]
[Round "7.19"]
[White "Wall, Tim P"]
[Black "Page, Mark E"]
[Result "1-0"]
[Annotator "ChessBase"]
[ECO "D01"]
[WhiteElo "2168"]
[BlackElo "2049"]
[PlyCount "105"]
[EventDate "2024.11.23"]
[EventType "team-tourn"]
[EventCountry "ENG"]
[SourceTitle "playchess.com"]
[Source "ChessBase"]
[SourceQuality "1"]
[TimeControl "40/6000+30:3000+30"]

1. d4 Nf6 2. Bg5 d5 3. Nc3 Nbd7 4. Nf3 h6 5. Bf4 a6 6. e3 e6 7. Bd3 c5 8. O-O Be7 9. Ne5 O-O 10. Qf3 c4 11. Be2 Nxe5 12. dxe5 Nd7 13. Qg3 Bg5 14. Rad1 b5 15. e4 Bxf4 16. Qxf4 b4 17. Nb1 Bb7 18. exd5 exd5 19. Qd4 Rc8 20. Bg4 Rc7 21. f4 Re8 22. Nd2 Nf8 23. f5 Qe7 24. Nf3 Qc5 25. Rfe1 Nd7 26. Bh5 Re7 27. e6 fxe6 28. fxe6 Nf6 29. Bf7+ Rxf7 30. exf7+ Kxf7 31. Ne5+ Kg8 32. Ng6 Qxd4+ 33. Rxd4 Kf7 34. Nf4 a5 35. h3 Re7 36. Rdd1 g5 37. Rxe7+ Kxe7 38. Ne2 Ne4 39. Nd4 Kf6 40. Kf1 h5 41. Ke2 a4 42. Ke3 g4 43. hxg4 hxg4 44. Rh1 a3 45. bxa3 bxa3 46. Rb1 Bc8 47. Rb8 Bd7 48. Rb7 Be8 49. Ra7 Kg5 50. Rxa3 g3 51. Ra5 Nc3 52. Ne2 Nb5 53. a4 1-0

[Event "4NCL Div 2 2024-25"]
[Site "England"]
[Date "2025.04.05"]
[Round "7.20"]
[White "Paterson, Andrew I"]
[Black "Chan, Sheng Liang Bernard"]
[Result "0-1"]
[Annotator "NA"]
[ECO "E37"]
[WhiteElo "1976"]
[BlackElo "2101"]
[PlyCount "80"]
[EventDate "2024.11.23"]
[EventType "team-tourn"]
[EventCountry "ENG"]
[SourceTitle "playchess.com"]
[Source "ChessBase"]
[SourceQuality "1"]
[TimeControl "40/6000+30:3000+30"]

1. d4 Nf6 2. c4 e6 3. Nc3 Bb4 4. Qc2 O-O 5. Nf3 d5 6. a3 Bxc3+ 7. Qxc3 Ne4 8. Qc2 c5 9. dxc5 a5 10. e3 Nd7 11. cxd5 exd5 12. c6 Ndc5 13. Nd4 Qf6 14. f3 Qh4+ 15. g3 Nxg3 16. Qf2 Nf5 17. Qxh4 Nxh4 18. cxb7 Bxb7 19. Bd2 Ne6 20. Kf2 Nxd4 21. exd4 Ba6 22. Rc1 Rfb8 23. b4 axb4 24. Bxb4 Nf5 25. Rc5 Bb7 26. Bh3 Nxd4 27. Rc7 Bc8 28. Bxc8 Rxc8 29. Rxc8+ Rxc8 30. Rd1 Rc4 31. Ke3 Nc2+ 32. Kf2 d4 33. Bd6 f6 34. Rd2 Kf7 35. Bb8 Nxa3 36. Ke2 Ke6 37. Kd3 Kd5 38. Ra2 Rc3+ 39. Ke2 Kc4 40. Bd6 Rc2+ 0-1

[Event "4NCL Div 2 2024-25"]
[Site "England"]
[Date "2025.04.05"]
[Round "7.21"]
[White "Arnott, Jonathan W"]
[Black "Baer, Bruce L"]
[Result "1-0"]
[Annotator "NA"]
[ECO "B06"]
[WhiteElo "2087"]
[BlackElo "1962"]
[PlyCount "35"]
[EventDate "2024.11.23"]
[EventType "team-tourn"]
[EventCountry "ENG"]
[SourceTitle "playchess.com"]
[Source "ChessBase"]
[SourceQuality "1"]
[TimeControl "40/6000+30:3000+30"]

1. e4 g6 2. d4 Bg7 3. Nc3 a6 4. f4 b5 5. Nf3 d6 6. Bd3 Bb7 7. Qe2 c5 8. dxc5 dxc5 9. e5 Nh6 10. a4 Qa5 11. Bd2 b4 12. Ne4 O-O 13. O-O Nf5 14. g4 Nd4 15. Nxd4 cxd4 16. Qe1 Nc6 17. b3 e6 18. g5 1-0

[Event "4NCL Div 2 2024-25"]
[Site "England"]
[Date "2025.04.05"]
[Round "7.22"]
[White "Patel, Keatan"]
[Black "Gayson, Peter M"]
[Result "1/2-1/2"]
[Annotator "NA"]
[ECO "B22"]
[WhiteElo "1973"]
[BlackElo "2087"]
[PlyCount "35"]
[EventDate "2024.11.23"]
[EventType "team-tourn"]
[EventCountry "ENG"]
[SourceTitle "playchess.com"]
[Source "ChessBase"]
[SourceQuality "1"]
[TimeControl "40/6000+30:3000+30"]

1. e4 c5 2. Nf3 e6 3. c3 d5 4. exd5 exd5 5. d4 Nf6 6. Bb5+ Nc6 7. O-O cxd4 8. Nxd4 Bd7 9. Re1+ Be7 10. Qe2 Nxd4 11. Bxd7+ Qxd7 12. cxd4 Kf8 13. Nc3 Re8 14. Bf4 Bb4 15. Qd3 Re6 16. a3 Bxc3 17. bxc3 h6 18. Be5 1/2-1/2

[Event "4NCL Div 2 2024-25"]
[Site "England"]
[Date "2025.04.05"]
[Round "7.23"]
[White "Edwards-Wright, Miles D"]
[Black "Cundy, Mark A"]
[Result "1/2-1/2"]
[Annotator "NA"]
[ECO "A10"]
[WhiteElo "1970"]
[BlackElo "1914"]
[PlyCount "127"]
[EventDate "2024.11.23"]
[EventType "team-tourn"]
[EventCountry "ENG"]
[SourceTitle "playchess.com"]
[Source "ChessBase"]
[SourceQuality "1"]
[TimeControl "40/6000+30:3000+30"]

1. g3 g6 2. Bg2 Bg7 3. c4 d6 4. Nc3 f5 5. b3 Nf6 6. Bb2 O-O 7. Nd5 c6 8. Nxf6+ Bxf6 9. Bxf6 Rxf6 10. Nf3 e5 11. O-O Na6 12. d3 Qe7 13. Nd2 Bd7 14. e3 f4 15. exf4 exf4 16. Re1 Qf7 17. Ne4 Re6 18. Ng5 Rxe1+ 19. Qxe1 Qf6 20. Ne4 Qe5 21. d4 Qe6 22. d5 Qe5 23. gxf4 Qxf4 24. Qc3 Rf8 25. Qg3 cxd5 26. Qxf4 Rxf4 27. Nxd6 dxc4 28. Bxb7 Nc5 29. Bd5+ Kg7 30. bxc4 Nd3 31. f3 Ne5 32. Re1 Kf6 33. Ne4+ Kf5 34. Nc5 Bc8 35. Rxe5+ Kxe5 36. Nd3+ Kf5 37. Nxf4 Kxf4 38. Kf2 g5 39. Ke2 h5 40. Kd3 Ke5 41. Bf7 h4 42. Bh5 Bd7 43. Bg4 Bc6 44. Ke3 Be8 45. Bh3 Bc6 46. Bg4 Be8 47. Kd3 Bc6 48. Kc3 a5 49. Kd3 Be8 50. Ke3 Bf7 51. Kd3 Be8 52. a3 Bc6 53. Ke3 Ba4 54. Bh3 Bc6 55. Bf1 Bd7 56. Bd3 Be6 57. a4 Bf7 58. Be2 Be6 59. Bd3 Bf7 60. Be2 Be8 61. Bd1 Bc6 62. Bb3 Bb7 63. Bd1 Bc6 64. Bc2 1/2-1/2